 Dungeon Crawl Stone Soup version 0.24.0-2-g5b39cebb1c (console) character file.

Game seed: 10350481651354388668, levelgen mode: deterministic

160 Kagalorn the Grasshopper (level 5, -2/43 HPs)
             Began as a Gnoll Warper on Oct 29, 2019.
             Was an Initiate of the Shining One.
             Succumbed to an orc's poison
             ... on level 3 of the Dungeon.
             The game lasted 00:11:14 (2237 turns).

Kagalorn the Grasshopper (Gnoll Warper)             Turns: 2237, Time: 00:11:15

Health: -2/43      AC: 12    Str: 15    XL:     5   Next: 41%
Magic:  12/12      EV: 13    Int: 15    God:    the Shining One [......]
Gold:   54         SH:  0    Dex: 14    Spells: 12/14 levels left

rFire    . . .     SeeInvis .   z - +1 hand axe (chop)
rCold    . . .     Gourm    .   (no shield)
rNeg     . . .     Faith    .   v - +0 ring mail
rPois    .         Spirit   .   u - +2 helmet
rElec    .         Reflect  .   n - +1 cloak
rCorr    .         Harm     .   k - +0 pair of gloves
MR       .....                  (no boots)
Stlth    +.........             (no amulet)
HPRegen  0.14/turn              (no ring)
MPRegen  0.13/turn              (no ring)

@: lethally poisoned (-2 -> -41), hasted, glowing, very quick
A: distributed training, fangs 1, strong nose
a: Renounce Religion


You were on level 3 of the Dungeon.
You worshipped the Shining One.
The Shining One was noncommittal.
You were hungry.

You visited 1 branch of the dungeon, and saw 3 of its levels.

You collected 54 gold pieces.

Inventory:

Hand Weapons
 a - a +0 spear
 o - a +2 hunting sling of freezing
 z - a +1 hand axe of chopping (weapon)
Missiles
 b - 2 boomerangs
 e - 5 boomerangs of dispersal
 i - 69 stones
 j - 26 arrows
 l - 18 sling bullets
 r - 5 javelins (quivered)
 y - 14 bolts
Armour
 k - a +0 pair of gloves (worn)
 n - a +1 cloak (worn)
 u - a +2 helmet (worn)
 v - a +0 ring mail (worn)
Jewellery
 c - a +3 amulet of reflection {unknown}
 C - an uncursed ring of flight {unknown}
Wands
 B - a wand of acid (14)
Scrolls
 d - a scroll of blinking
 g - 2 scrolls of remove curse
 h - a scroll of amnesia
 m - 2 scrolls of identify
 p - a scroll of teleportation
 q - 4 scrolls of fog
 s - a scroll of noise {unknown}
 t - a scroll of immolation {unknown}
 w - a scroll of enchant weapon {unknown}
Comestibles
 f - 8 rations


   Skills:
 + Level 4.8 Fighting
 + Level 1.4 Short Blades
 + Level 1.4 Long Blades
 + Level 1.4 Axes
 + Level 1.4 Maces & Flails
 + Level 4.8 Polearms
 + Level 1.4 Staves
 + Level 1.4 Slings
 + Level 1.4 Bows
 + Level 1.4 Crossbows
 + Level 3.0 Throwing
 + Level 3.0 Armour
 + Level 4.8 Dodging
 + Level 1.4 Stealth
 + Level 1.4 Shields
 + Level 1.4 Unarmed Combat
 + Level 5.2 Spellcasting
 + Level 1.1 Conjurations
 + Level 1.1 Hexes
 + Level 1.1 Charms
 + Level 1.1 Summonings
 + Level 1.1 Necromancy
 + Level 5.5 Translocations
 + Level 1.1 Transmutations
 + Level 1.1 Fire Magic
 + Level 1.1 Ice Magic
 + Level 1.1 Air Magic
 + Level 1.1 Earth Magic
 + Level 1.1 Poison Magic
 + Level 1.6 Invocations
 + Level 1.4 Evocations


You had 12 spell levels left.
You knew the following spells:

 Your Spells              Type           Power        Failure   Level  Hunger
a - Blink                 Tloc           N/A          4%          2    ##.....

Your spell library contained the following spells:

 Spells                   Type           Power        Failure   Level  Hunger
 Gell's Gravitas          Tloc           ###.......   10%         3    ###....
 Lesser Beckoning         Tloc           ###.......   10%         3    ###....
 Teleport Other           Tloc           ###.....     10%         3    ###....
 Shroud of Golubria       Chrm/Tloc      ##....       12%         2    ##.....
 Passage of Golubria      Tloc           N/A          30%         4    ####...


Dungeon Overview and Level Annotations

Branches:
Dungeon (3/15)

Altars:
Ashenzari
Okawaru
Sif Muna
Trog
Vehumet
The Shining One

Annotations:
D:2 1 runed translucent door, Crazy Yiuf


Innate Abilities, Weirdness & Mutations

Your experience applies equally to all skills.
You have very sharp teeth.
Your uncanny sense of smell can sniff out nearby items.


Message History

You hit the orc priest but do no damage.
The orc priest is almost dead.
You closely miss the orc.
* * * LOW HITPOINT WARNING * * *
You feel very sick. The orc hits you but does no damage.
You are more poisoned.
The orc priest completely misses you.
You barely miss the orc priest.
You bite the orc priest, but do no damage.
The orc priest is almost dead.
You hit the orc but do no damage.
* * * LOW HITPOINT WARNING * * *
You feel very sick. The orc barely misses you.
The orc priest begins to cast a cantrip, but forgets the words!
The orc hits you but does no damage.
Okay, then.
It was a potion of haste.
You feel yourself speed up.
You die...

..._...# . #......# .#
#.....## .# #.#####
####.# ..# #...
.###############.#####
................go..o###
.###############o###...#
## #o@# ###g.....# #
###.## ##o...# ###
##...# o..# ..## ##..###
($# #..# ###..## .#
##.######...## #
#........### #..#######
#.##


You could see an orc priest, 2 orcs and a goblin.

Vanquished Creatures
  Terence (D:2)
  Robin (D:2)
  3 adders
  A gnoll (D:1)
  An ooze (D:2)
  3 worms
  2 dart slugs (D:2)
  4 orcs (D:3)
  3 giant cockroaches
  17 goblins
  3 hobgoblins
  11 jackals
  A quokka (D:3)
  8 bats
  A frilled lizard (D:1)
  3 kobolds
  A rat (D:1)
  A fungus (D:2)
65 creatures vanquished.

Notes
Turn   | Place    | Note
-------+----------+-------------------------------------------
     0 | D:1      | Kagalorn the Gnoll Warper began the quest for the Orb.
     0 | D:1      | Reached XP level 1. HP: 20/20 MP: 6/6
   145 | D:1      | Reached XP level 2. HP: 25/26 MP: 7/7
   657 | D:1      | Reached XP level 3. HP: 21/31 MP: 9/9
   750 | D:2      | Found a bloodstained altar of Trog.
   753 | D:2      | Reached skill level 5 in Spellcasting
   824 | D:2      | Noticed Terence
   898 | D:2      | Killed Terence
   898 | D:2      | Reached skill level 1 in Short Blades
   898 | D:2      | Reached skill level 1 in Long Blades
   898 | D:2      | Reached skill level 1 in Axes
   898 | D:2      | Reached skill level 1 in Maces & Flails
   898 | D:2      | Reached skill level 1 in Staves
   898 | D:2      | Reached skill level 1 in Slings
   898 | D:2      | Reached skill level 1 in Bows
   898 | D:2      | Reached skill level 1 in Crossbows
   898 | D:2      | Reached skill level 1 in Stealth
   898 | D:2      | Reached skill level 1 in Shields
   898 | D:2      | Reached skill level 1 in Unarmed Combat
   898 | D:2      | Reached skill level 1 in Invocations
   898 | D:2      | Reached skill level 1 in Evocations
   898 | D:2      | Reached XP level 4. HP: 32/38 MP: 11/11
   941 | D:2      | Noticed Robin
   975 | D:2      | Found an iron altar of Okawaru.
  1251 | D:2      | Killed Robin
  1379 | D:2      | Learned a level 2 spell: Blink
  1522 | D:2      | Reached skill level 1 in Conjurations
  1522 | D:2      | Reached skill level 1 in Hexes
  1522 | D:2      | Reached skill level 1 in Charms
  1522 | D:2      | Reached skill level 1 in Summonings
  1522 | D:2      | Reached skill level 1 in Necromancy
  1522 | D:2      | Reached skill level 1 in Transmutations
  1522 | D:2      | Reached skill level 1 in Fire Magic
  1522 | D:2      | Reached skill level 1 in Ice Magic
  1522 | D:2      | Reached skill level 1 in Air Magic
  1522 | D:2      | Reached skill level 1 in Earth Magic
  1522 | D:2      | Reached skill level 1 in Poison Magic
  1721 | D:2      | Reached XP level 5. HP: 42/43 MP: 12/12
  1886 | D:2      | Found a runed translucent door.
  1887 | D:2      | Noticed Crazy Yiuf
  1984 | D:3      | Found a shimmering blue altar of Sif Muna.
  1993 | D:3      | Found a shattered altar of Ashenzari.
  1994 | D:3      | Found a faded altar of an unknown god.
  2048 | D:3      | Found a radiant altar of Vehumet.
  2049 | D:3      | Found a glowing golden altar of the Shining One.
  2058 | D:3      | Became a worshipper of the Shining One
  2236 | D:3      | HP: 1/43 [poisoned by an orc]
  2237 | D:3      | Succumbed to an orc's poison

Levels and vault maps discovered:
D:1:      dpeg_arrival_tiny_k, layout_loops_ring, hangedman_decor_slide_cut
D:2:      layout_rooms, bloody_trog, okawaru_metal_pillars_1_2, uniq_robin,
          uniq_terence, uniq_crazy_yiuf_cottage
D:3:      layout_rooms, overflow_temple_1_default,
          chequers_temple_overflow_statue_of_worship,
          chequers_ecumenical_altar_simple_redux

Skill      XL: |  1  2  3  4  5 |
---------------+----------------+-----
Spellcasting   | 5 |  5.2
Short Blades   | 1 |  1.4
Long Blades    | 1 |  1.4
Axes           | 1 |  1.4
Maces & Flails | 1 |  1.4
Staves         | 1 |  1.4
Slings         | 1 |  1.4
Bows           | 1 |  1.4
Crossbows      | 1 |  1.4
Stealth        | 1 |  1.4
Shields        | 1 |  1.4
Unarmed Combat | 1 |  1.4
Invocations    | 1 |  1.6
Evocations     | 1 |  1.4
Conjurations   | 1 |  1.1
Hexes          | 1 |  1.1
Charms         | 1 |  1.1
Summonings     | 1 |  1.1
Necromancy     | 1 |  1.1
Transmutations | 1 |  1.1
Fire Magic     | 1 |  1.1
Ice Magic      | 1 |  1.1
Air Magic      | 1 |  1.1
Earth Magic    | 1 |  1.1
Poison Magic   | 1 |  1.1
Throwing       | 3 |  3.0
Armour         | 3 |  3.0
Fighting       | |  4.8
Polearms       | |  4.8
Dodging        | |  4.8
Translocations | |  5.5

Action                   |  1- 3 |  4- 6 || total
-------------------------+-------+-------++-------
Melee: Spear             |    79 |   197 ||   276
       Bite              |     6 |    30 ||    36
       Punch             |       |     2 ||     2
       Hand axe          |       |    24 ||    24
Throw: Javelin           |     7 |     3 ||    10
  Use: Scroll            |       |     4 ||     4
       Potion            |       |     1 ||     1
  Eat: Chunk             |       |     4 ||     4
Armor: Leather armour    |    27 |    22 ||    49
       Ring mail         |       |    47 ||    47
Dodge: Dodged            |    51 |   132 ||   183
